 Dungeon Crawl Stone Soup version 0.29-a0-298-g3c90f9a769 (webtiles) character file.

Game seed: 3149230725475934460

2017 Dabor the Tainter (level 9, -16/40 HPs)
             Began as a Deep Elf Venom Mage on Mar 23, 2022.
             Was an Initiate of Qazlal.
             Killed by the air
             ... invoked by Gastronok
              (23 damage)
             ... on level 8 of the Dungeon.
             The game lasted 00:15:45 (8259 turns).

Dabor the Tainter (Deep Elf Venom Mage)             Turns: 8259, Time: 00:15:45

Health: -16/40     AC: 13    Str:  7    XL:     9   Next: 3%
Magic:  19/21      EV: 15    Int: 25    God:    Qazlal [......]
Gold:   405        SH:  0    Dex: 15    Spells: 9/22 levels left

rFire   . . .      SeeInvis .   h - staff of death
rCold   . . .      Faith    .   (no shield)
rNeg    + . .      Spirit   .   m - +2 animal skin
rPois   .          Reflect  .   n - +0 helmet
rElec   .          Harm     .   z - +0 cloak
rCorr   .          Rampage  .   (no gloves)
Will    .....      Rage     1%  e - +2 pair of boots
Stlth   ++........              D - amulet of magic regeneration
HPRegen 0.13/turn               b - +4 ring of protection
MPRegen 0.57/turn               C - ring of wizardry

@: no status effects
A: berserk 1, deterioration 1, frail 1, strong 1
a: Renounce Religion


You were on level 8 of the Dungeon.
You worshipped Qazlal.
Qazlal was noncommittal.
You visited 2 branches of the dungeon, and saw 9 of its levels.

You collected 405 gold pieces.

Inventory:

Missiles
 x - a throwing net
Armour
 e - a +2 pair of boots (worn)
 m - a +2 animal skin (worn)
 n - a +0 helmet (worn)
 z - a +0 cloak (worn)
Magical Staves
 h - a staff of death (weapon)
Jewellery
 a - a ring of see invisible
 b - a +4 ring of protection (left hand)
 j - a ring of protection from cold
 r - a ring of fire
 C - a ring of wizardry (right hand)
 D - an amulet of magic regeneration (around neck)
Wands
 c - a wand of polymorph (9)
 o - a wand of iceblast (4)
 p - a wand of paralysis (10)
 w - a wand of digging (1)
Scrolls
 l - 4 scrolls of teleportation
 q - a scroll of summoning
 v - a scroll of fog
 y - a scroll of enchant armour
 A - a scroll of magic mapping
Potions
 d - a potion of brilliance
 f - a potion of cancellation
 i - a potion of curing {unknown}
 k - a potion of invisibility {unknown}
 t - 2 potions of berserk rage {unknown}
 u - 2 potions of flight {unknown}
 B - a potion of attraction {unknown}


   Skills:
 + Level 6.5 Dodging
 - Level 3.0 Stealth
 + Level 7.2 Spellcasting
 - Level 3.0 Conjurations
 + Level 2.3 Hexes
 + Level 1.8 Summonings
 - Level 2.0 Transmutations
 - Level 3.0 Air Magic
 * Level 8.5 Poison Magic
 + Level 1.9 Invocations


You had 9 spell levels left.
You knew the following spells:

 Your Spells              Type           Power      Damage    Failure   Level
a - Sting                 Tmut/Pois      100%       1d8       1%          1
b - Poisonous Vapours     Pois/Air       74%        N/A       1%          2
c - Olgreb's Toxic Radia  Pois           51%        N/A       1%          4
d - Mephitic Cloud        Conj/Pois/Air  33%        N/A       1%          3
e - Summon Guardian Gole  Hex/Summ       19%        N/A       3%          3

Your spell library contained the following spells:

 Spells                   Type           Power      Damage    Failure   Level
 Summon Small Mammal      Summ           72%        N/A       1%          1
 Call Canine Familiar     Summ           18%        N/A       3%          3


Dungeon Overview and Level Annotations

Branches:
Dungeon (8/15)             Temple (1/1) D:7
   Lair: D:8-11

Altars:
Cheibriados
Dithmenos
Elyvilon
Gozag
Hepliaklqana
Kikubaaqudgha
Makhleb
Nemelex Xobeh
Qazlal
Ru
Sif Muna
Trog
Uskayaw
Vehumet
Wu Jian
Xom
Zin
The Shining One

Shops:
D:2 [(   D:3 *

Annotations:
D:8 Gastronok


Innate Abilities, Weirdness & Mutations

You tend to lose your temper in combat.
Your body sometimes deteriorates upon taking damage.
You are frail. (-10% HP)
Your muscles are strong. (Str +2)


Message History

Gastronok looks as sick as possible!
Gastronok is lightly wounded.
The sting hits Gastronok.
Gastronok looks as sick as possible!
Gastronok is lightly wounded.
The sting hits Gastronok.
Gastronok looks as sick as possible!
Gastronok is lightly wounded.
The sting hits Gastronok.
Gastronok looks as sick as possible!
Gastronok is moderately wounded.
Gastronok bites you!
The sting hits Gastronok.
Gastronok looks as sick as possible!
Gastronok is moderately wounded.
The sting hits Gastronok.
Gastronok looks as sick as possible!
Gastronok is moderately wounded.
Gastronok's eyestalks quiver as he mumbles some strange words.
The sting hits Gastronok.
Gastronok looks as sick as possible!
Gastronok is moderately wounded.
The sting hits Gastronok.
Gastronok looks as sick as possible!
Gastronok is moderately wounded.
The rat barely misses you. Gastronok misses you.
The sting hits Gastronok.
Gastronok looks as sick as possible!
Gastronok is heavily wounded.
The rat misses you.
The sting hits Gastronok but does no damage.
Gastronok looks as sick as possible!
Gastronok is heavily wounded.
The rat misses you. Gastronok bites you!!
Ouch! That really hurt!
* * * LOW HITPOINT WARNING * * *
You are too injured to fight recklessly!
It was a potion of mutation.
You feel extremely strange.
You feel a little pissed off.
You feel frail.
You feel yourself wasting away.
You feel stronger. The rat misses you.
Blink to where?
Press: ? - help, Dir - move target, p - Gastronok
As you read the scroll of blinking, it crumbles to dust.
Gastronok waves his eye-stalks in wide circles.
The air twists around and strikes you!!
Ouch! That really hurt!
You die...

#....w#.####
#.....#....#
###w###.###.#
#.##.## #...r# #
#....## .#
#.#...###.#
#........#
#.#.....@####### #
#.....<.........
#.....)..>####.#
#........#####.#
#.......††.†....##.#
.##.....####.......#
#..#.## #.#####.#
#...## #<# #.# #.#


You could see Gastronok (extremely poisoned) and a rat (summoned).

Vanquished Creatures
  Maurice (D:8)
  A water moccasin (D:6)
  2 ice beasts
  2 black bears
  An ogre (D:5)
  A necrophage (D:6)
  2 bullfrogs (D:7)
  2 scorpions
  A wight (D:7)
  4 killer bees (D:8)
  A howler monkey (D:2)
  3 hounds
  3 orc priests (D:3)
  2 jellies
  An iguana (D:7)
  An orc wizard (D:3)
  Robin (D:2)
  13 adders
  4 gnolls (D:5)
  3 shadow imps
  2 white imps (D:6)
  An ufetubus (D:4)
  5 worms
  A dart slug (D:5)
  13 orcs
  4 endoplasms
  A giant cockroach (D:2)
  15 goblins
  8 hobgoblins
  7 quokkas
  3 ball pythons (D:3)
  3 bats (D:3)
  3 frilled lizards (D:1)
  3 kobolds
  4 rats
122 creatures vanquished.

Vanquished Creatures (others)
  5 fungi (D:2)
  7 plants
12 creatures vanquished.

Grand Total: 134 creatures vanquished

Notes
Turn   | Place    | Note
-------+----------+-------------------------------------------
     0 | D:1      | Dabor the Deep Elf Venom Mage began the quest for the Orb.
     0 | D:1      | Reached XP level 1. HP: 10/10 MP: 6/6
   559 | D:1      | Reached XP level 2. HP: 15/15 MP: 5/8
   780 | D:2      | Noticed a howler monkey
   786 | D:1      | Learned a level 2 spell: Poisonous Vapours
   793 | D:2      | Killed a howler monkey
   794 | D:2      | Reached XP level 3. HP: 19/19 MP: 0/10
   949 | D:2      | Found Ifuosig's Weapon Shop.
   965 | D:2      | Noticed Robin
   969 | D:2      | Reached skill level 4 in Poison Magic
   995 | D:1      | Reached XP level 4. HP: 5/24 MP: 1/11
  1255 | D:2      | Learned a level 4 spell: Olgreb's Toxic Radiance
  1292 | D:2      | Reached skill level 1 in Air Magic
  1398 | D:2      | Killed Robin
  1865 | D:2      | Found a faded altar of an unknown god.
  1953 | D:2      | Found Nofut's Armour Shoppe.
  2022 | D:3      | Reached XP level 5. HP: 11/28 MP: 3/13
  2313 | D:3      | Found Refal's Assorted Antiques.
  2370 | D:3      | Reached skill level 5 in Poison Magic
  2918 | D:3      | Reached XP level 6. HP: 32/32 MP: 11/14
  3456 | D:4      | Noticed an ice beast
  3831 | D:4      | Learned a level 3 spell: Mephitic Cloud
  4291 | D:4      | Killed an ice beast
  4292 | D:4      | Reached skill level 5 in Spellcasting
  4292 | D:4      | Reached skill level 1 in Conjurations
  4629 | D:5      | Entered Level 5 of the Dungeon
  4816 | D:5      | Reached XP level 7. HP: 32/36 MP: 3/16
  5029 | D:5      | Reached skill level 6 in Poison Magic
  6081 | D:6      | Reached skill level 5 in Dodging
  6531 | D:6      | Reached XP level 8. HP: 25/41 MP: 12/18
  6665 | D:6      | Reached skill level 7 in Poison Magic
  7575 | D:7      | Found a staircase to the Ecumenical Temple.
  7618 | D:7      | Noticed a seven-headed hydra
  7676 | Temple   | Entered the Ecumenical Temple
  7684 | Temple   | Became a worshipper of Qazlal Stormbringer
  7698 | D:7      | Learned a level 3 spell: Summon Guardian Golem
  8039 | D:7      | Reached skill level 8 in Poison Magic
  8182 | D:8      | Noticed Maurice
  8185 | D:8      | Reached skill level 1 in Hexes
  8185 | D:8      | Reached skill level 1 in Summonings
  8185 | D:8      | Reached skill level 1 in Invocations
  8196 | D:8      | Killed Maurice
  8197 | D:8      | Reached XP level 9. HP: 45/45 MP: 6/21
  8237 | D:8      | Noticed Gastronok
  8252 | D:8      | Gained mutation: You tend to lose your temper in combat.
                  | [potion of mutation]
  8252 | D:8      | Gained mutation: You are frail. (-10% HP) [potion of
                  | mutation]
  8252 | D:8      | Gained mutation: Your body sometimes deteriorates upon
                  | taking damage. [potion of mutation]
  8252 | D:8      | Gained mutation: Your muscles are strong. (Str +2) [potion
                  | of mutation]
  8259 | D:8      | Killed from afar by Gastronok

Illustrated notes

Levels and vault maps discovered:
D:1:      dpeg_arrival_more_subterranean_lakeside_camping, layout_rooms,
          patterned_corridor
D:2:      cheibrodos_helix_gallery, layout_rooms, serial_shops,
          nicolae_lakefront_shop, nicolae_diamond_shop,
          dreamdust_ecumenical_altar_grove, corexii_corridor_pit, uniq_robin
D:3:      layout_basic, serial_shops, nicolae_shop_statue_plus, kennysheep_nub,
          serial_bayou_pond_a
D:4:      layout_gridville, guppyfry_early_lair_pool
D:5:      layout_layer_cave, roderic_lattice_a, hangedman_decor_growths
D:6:      layout_loops_cross
D:7:      layout_gridville, temple_hall
D:8:      layout_loops_ring, gammafunk_ghost_arena, uniq_gastronok, uniq_maurice
Temple:   nicolae_temple_no_exploring_needed

Skill      XL: |  1  2  3  4  5  6  7  8 |
---------------+-------------------------+-----
Stealth        | 3 |  3.0
Dodging        | 3 4 5 6 |  6.5
Poison Magic   | 4 5 6 8 |  8.5
Air Magic      | 1 2 3 |  3.0
Transmutations | 2 |  2.0
Spellcasting   | 4 5 7 |  7.2
Conjurations   | 1 2 3 |  3.0
Hexes          | 2 |  2.3
Summonings     | 1 |  1.8
Invocations    | 1 |  1.9

Action                   |  1- 3 |  4- 6 |  7- 9 || total
-------------------------+-------+-------+-------++-------
Melee: Staff             |       |    10 |     7 ||    17
 Cast: Sting             |    38 |   126 |   158 ||   322
       Poisonous Vapours |     3 |     2 |     9 ||    14
       Olgreb's Toxic Ra |       |    11 |     9 ||    20
       Mephitic Cloud    |       |     1 |       ||     1
  Use: Scroll            |       |     1 |     7 ||     8
       Potion            |       |     1 |     4 ||     5
Armor: Robe              |     1 |       |       ||     1
       Animal skin       |       |    22 |    37 ||    59
Dodge: Dodged            |    16 |    50 |    63 ||   129

Table legend: (Time is in decaauts)
 A = Elapsed time spent in this place.
 B = Non-inter-level travel time spent in this place.
 C = Inter-level travel time spent in this place.
 D = Time resting spent in this place.
 E = Time spent auto-exploring this place.
 F = Levels seen in this place.
 G = Mean time per level.
                   A        B        C        D        E       F      G
               +--------+--------+--------+--------+--------+-----+--------+
         Total |   8267 |   7937 |    330 |    548 |   6103 |   9 |  918.6 |
       Dungeon |   8251 |   7937 |    314 |    548 |   6103 |   8 | 1031.4 |
        Temple |     16 |      1 |     15 |      0 |      0 |   1 |   16.0 |
               +--------+--------+--------+--------+--------+-----+--------+

Top non-repeatable levels by time:
     D:5: 1415 daAuts
     D:6: 1354 daAuts
     D:3: 1309 daAuts
     D:4: 1156 daAuts
     D:2: 1100 daAuts
     D:1: 1071 daAuts
     D:7: 763 daAuts
     D:8: 79 daAuts
  Temple: 16 daAuts
